Mustangs vs Inferno

Created - 10 avril 2016 at 19:09

Goals
1 2 3 OT1 SO T
Mustangs 2 0 2 0 0 4
Inferno 4 0 0 0 1 5
Shots
1 2 3 OT1 SO T
Mustangs 11 16 7 3 3 37
Inferno 19 9 13 2 2 43

1st period

1. Inferno , Stephane Veilleux 40 (Mikhail Grabovski) at 4:33
2. Mustangs , Riley Armstrong 26 (Derek Joslin) at 8:54
3. Mustangs , Marcus Foligno 13 (Ben Eager, Denis Bodrov) at 10:03
4. Inferno , Jonathan Ferland 45 (Stephane Veilleux, Mikhail Grabovski) at 10:23
5. Inferno , Vladimir Zharkov 29 (Vladimir Sobotka) at 13:25
6. Inferno , Jonathan Ferland 46 (Mikhail Grabovski, Stephane Veilleux) at 15:43

Penalties :
Kyle Palmieri (Anc) for Tripping (Minor) at 5:29, Derek Peltier (Anc) for Hooking (Minor) at 16:18

2nd period

No Goal

Penalties :
Mikhail Grabovski (Anc) for Slashing (Minor) at 0:13, Evander Kane (Ham) for Interference (Minor) at 12:19, Brian Boyle (Anc) for Hooking (Minor) at 14:28

3rd period

7. Mustangs , Brayden Schenn 40 (Evander Kane, Eric Gryba) at 0:15
8. Mustangs , Ben Eager 35 (Riley Armstrong, Reilly Smith) at 9:45

Penalties :
No Penalty

Overtime #1

No Goal

Penalties :
No Penalty

Shootout

Penalty Shot by Brayden Schenn for Mustangs - Stopped by Josh Harding
Penalty Shot by Mikhail Grabovski for Inferno - Shot Misses the Net
Penalty Shot by Denis Shvidki for Mustangs - Shot Misses the Net
Penalty Shot by Vladimir Zharkov for Inferno - Goal!
Penalty Shot by Reilly Smith for Mustangs - Stopped by Josh Harding

Penalties :
No Penalty

Goalie Stats

Maxime Ouellet (Ham), 11 saves from 15 shots - (0,733), 15:43 minutes
Chet Pickard (Ham), 28 saves from 28 shots - (1,000), OTL, 11-8-4, 49:17 minutes
Josh Harding (Anc), 33 saves from 37 shots - (0,892), W, 30-16-4, 65:00 minutes

Players Stats for Mustangs

Player Name              G  A  P  +/- PIM S  H  SB GA TA FO     MP     PP MP  PK MP  
------------------------------------------------------------------------------------
Ben Eager                1  1  2   0  0   1  1  0  1  0  0/0    19:30   3:50   0:53 
Brayden Schenn           1  0  1   0  0   2  3  0  0  0  18/42  24:14   3:57   1:06 
Cameron Gaunce           0  0  0   1  0   1  1  1  0  4  0/0    25:46   3:09   0:47 
Daniel Winnik            0  0  0   0  0   2  3  1  0  0  0/0    13:57   0:00   0:52 
Denis Bodrov             0  1  1   1  0   1  2  1  0  0  0/0    20:22   3:09   0:47 
Denis Shvidki            0  0  0   0  0   7  1  0  0  1  0/3    21:54   4:06   0:00 
Derek Joslin             0  1  1  -1  0   5  2  1  1  0  0/0    28:54   4:47   1:12 
Eric Godard              0  0  0   0  0   2  3  1  0  0  0/0    12:40   0:00   0:00 
Eric Gryba               0  1  1  -1  0   1  2  0  1  3  0/0    21:48   4:47   1:12 
Evander Kane             0  1  1   0  2   4  1  0  0  0  1/1    23:09   4:06   0:00 
Jerome Samson            0  0  0   0  0   2  1  1  0  0  0/0     7:24   0:00   0:00 
Jim O'Brien              0  0  0   0  0   1  0  0  0  0  2/3     8:09   0:09   0:00 
Joe Finley               0  0  0   0  0   2  3  1  0  1  0/0    16:44   0:00   0:00 
Marcus Foligno           1  0  1   0  0   3  0  0  1  0  0/0     7:48   0:00   0:24 
Mark Pysyk               0  0  0   0  0   0  0  0  0  0  0/0    15:36   0:00   0:00 
Reilly Smith             0  1  1   0  0   0  4  0  0  0  0/1    18:23   3:50   0:00 
Rick Schofield           0  0  0   0  0   0  0  1  1  0  3/6    12:15   0:00   0:00 
Riley Armstrong          1  1  2   0  0   3  1  1  0  0  2/9    19:27   3:50   0:43 

Players Stats for Inferno

Player Name              G  A  P  +/- PIM S  H  SB GA TA FO     MP     PP MP  PK MP  
------------------------------------------------------------------------------------
Anders Lee               0  0  0  -1  0   0  2  0  0  0  0/0    12:02   0:00   0:46 
Beau Bennett             0  0  0  -1  0   1  0  0  0  0  0/0     7:25   0:00   0:00 
Brendan Mikkelson        0  0  0   0  0   1  1  0  0  0  0/0    25:46   0:56   4:03 
Brian Boyle              0  0  0   0  2   2  1  0  1  0  2/5    15:36   0:00   1:21 
Cal O'Reilly             0  0  0  -1  0   2  1  0  0  0  0/3     8:21   0:56   0:00 
Colby Robak              0  0  0   0  0   1  8  0  0  1  0/0    26:04   0:56   5:04 
David Ullstrom           0  0  0   0  0   2  0  0  0  0  0/0    14:18   0:56   0:00 
Derek Peltier            0  0  0   1  2   2  1  1  2  1  0/0    28:05   1:03   3:23 
Jonathan Ferland         2  0  2   1  0   5  1  1  1  1  0/0    23:38   1:03   4:28 
Kyle Palmieri            0  0  0   0  2   5  0  0  1  0  0/0    12:28   0:00   0:00 
Marc Methot              0  0  0  -1  0   0  1  0  0  1  0/0     8:31   0:00   2:36 
Matt Kassian             0  0  0   0  0   1  7  0  0  0  0/0    12:26   0:00   0:18 
Mikhail Grabovski        0  3  3   1  2   3  2  1  1  0  17/33  20:30   1:03   1:21 
Sami Vatanen             0  0  0   1  0   0  1  1  2  1  0/0    24:07   1:03   0:46 
Simon Danis-Pepin        0  0  0  -1  0   0  2  2  0  0  0/0    14:47   0:00   0:00 
Stephane Veilleux        1  2  3   1  0   9  2  0  0  0  2/2    22:16   1:03   3:10 
Vladimir Sobotka         0  1  1   0  0   6  0  1  1  0  17/21  19:35   0:00   4:28 
Vladimir Zharkov         1  0  1   0  0   3  1  0  0  0  1/1    16:05   0:56   0:00 

3 Stars

1 - Stephane Veilleux (Anc)
2 - Jonathan Ferland (Anc)
3 - Riley Armstrong (Ham)

Power Play

Mustangs - 0 on 4 Attempt(s) - 0,00%
Inferno - 0 on 1 Attempt(s) - 0,00%

Penalty Kill

Mustangs - 1 on 1 Attempt(s) - 100,00% - Score 0 goal in Penalty Kill
Inferno - 4 on 4 Attempt(s) - 100,00% - Score 0 goal in Penalty Kill

Team Stat

Mustangs - Hits : 28 - Faceoff Wins : 26 - Blocked Shots : 9 - Penalty Minutes : 2
Inferno - Hits : 31 - Faceoff Wins : 39 - Blocked Shots : 7 - Penalty Minutes : 8

Official

Referees : Banfield David and VanMassenhoven Don
Linesman : Don Henderson and Steve Barton

Game Notes

Chet Pickard enters game at 15:43 of 1st period
Marc Methot is injured at 7:50 of 2nd period (Sprained Right Knee)
Eric Gryba is injured at 9:09 of 3rd period (Strained Right Elbow)

Finance

Level 1 -- Attendance: 1390 (69,50%) -- Ticket Income 48 650 $
Level 2 -- Attendance: 743 (74,30%) -- Ticket Income 11 145 $
Total Attendance: 2133 (71,10%)
Total Ticket Income: 59 795 $
Other Income: 2 990 $
Total Income: 62 785 $

Mustangs

5 vs 5 Forward 
   Center                   Left Wing                Right Wing               Time % Phy DF OF 
 1 Brayden Schenn           Evander Kane             Denis Shvidki            40     0   2  3  
 2 Riley Armstrong          Ben Eager                Reilly Smith             30     0   2  3  
 3 Rick Schofield           Daniel Winnik            Eric Godard              20     0   2  3  
 4 Jim O'Brien              Marcus Foligno           Jerome Samson            10     0   2  3  

5 vs 5 Defense 
   Defense                  Defense                                           Time % Phy DF OF 
 1 Derek Joslin             Eric Gryba                                        40     1   2  2  
 2 Denis Bodrov             Cameron Gaunce                                    30     1   2  2  
 3 Mark Pysyk               Joe Finley                                        20     1   2  2  
 4 Cameron Gaunce           Eric Gryba                                        10     1   2  2  

PowerPlay Forward 
   Center                   Left Wing                Right Wing               Time % Phy DF OF 
 1 Brayden Schenn           Evander Kane             Denis Shvidki            60     0   0  5  
 2 Riley Armstrong          Ben Eager                Reilly Smith             40     0   0  5  

PowerPlay Defense
   Defense                  Defense                                           Time % Phy DF OF 
 1 Derek Joslin             Eric Gryba                                        60     0   1  4  
 2 Denis Bodrov             Cameron Gaunce                                    40     0   1  4  

Penalty Kill 4 Players Forward 
   Center                   Wing                     Time % Phy DF OF 
 1 Brayden Schenn           Evander Kane             60     0   5  0  
 2 Riley Armstrong          Denis Shvidki            40     0   5  0  

Penalty Kill 4 Players Defense
   Defense                  Defense                  Time % Phy DF OF 
 1 Derek Joslin             Eric Gryba               60     1   4  0  
 2 Denis Bodrov             Cameron Gaunce           40     1   4  0  

Penalty Kill - 3 Players Forward 
   Forward                                           Time % Phy DF OF 
 1 Brayden Schenn                                    60     0   5  0  
 2 Denis Shvidki                                     40     0   5  0  

Penalty Kill - 3 Players Defense
   Defense                  Defense                  Time % Phy DF OF 
 1 Derek Joslin             Eric Gryba               60     1   4  0  
 2 Denis Bodrov             Cameron Gaunce           40     1   4  0  

4 vs 4 Forward 
   Center                   Wing                     Time % Phy DF OF 
 1 Brayden Schenn           Evander Kane             60     0   1  4  
 2 Riley Armstrong          Denis Shvidki            40     0   1  4  

4 vs 4 Defense
   Defense                  Defense                  Time % Phy DF OF 
 1 Derek Joslin             Eric Gryba               60     0   2  3  
 2 Denis Bodrov             Cameron Gaunce           40     0   2  3  

Last Minutes Offensive
   Center                   Left Wing                Right Wing               Defense                  Defense                  
   Brayden Schenn           Evander Kane             Denis Shvidki            Derek Joslin             Eric Gryba               

Last Minutes Defensive
   Center                   Left Wing                Right Wing               Defense                  Defense                  
   Brayden Schenn           Ben Eager                Eric Godard              Denis Bodrov             Cameron Gaunce           

Goaltenders
Starting : Maxime Ouellet           
Backup : Chet Pickard             

Extra Forwards
Normal : Evander Kane, Brayden Schenn, Reilly Smith - PP : Brayden Schenn, Evander Kane - PK : Daniel Winnik
Extra Defensemen
Normal : Cameron Gaunce, Eric Gryba, Derek Joslin - PP : Cameron Gaunce - PK : Eric Gryba, Derek Joslin
Penalty Shots
Brayden Schenn, Denis Shvidki, Reilly Smith, Ben Eager, Evander Kane

Inferno

5 vs 5 Forward 
   Center                   Left Wing                Right Wing               Time % Phy DF OF 
 1 Mikhail Grabovski        Stephane Veilleux        Jonathan Ferland         40     1   2  2  
 2 Vladimir Sobotka         David Ullstrom           Vladimir Zharkov         30     1   2  2  
 3 Brian Boyle              Matt Kassian             Kyle Palmieri            20     1   2  2  
 4 Cal O'Reilly             Anders Lee               Beau Bennett             10     1   2  2  

5 vs 5 Defense 
   Defense                  Defense                                           Time % Phy DF OF 
 1 Sami Vatanen             Derek Peltier                                     40     1   2  2  
 2 Colby Robak              Brendan Mikkelson                                 30     1   2  2  
 3 Marc Methot              Simon Danis-Pepin                                 20     1   2  2  
 4 Colby Robak              Brendan Mikkelson                                 10     1   2  2  

PowerPlay Forward 
   Center                   Left Wing                Right Wing               Time % Phy DF OF 
 1 Mikhail Grabovski        Stephane Veilleux        Jonathan Ferland         60     1   2  2  
 2 Cal O'Reilly             David Ullstrom           Vladimir Zharkov         40     1   2  2  

PowerPlay Defense
   Defense                  Defense                                           Time % Phy DF OF 
 1 Sami Vatanen             Derek Peltier                                     60     1   2  2  
 2 Colby Robak              Brendan Mikkelson                                 40     1   2  2  

Penalty Kill 4 Players Forward 
   Center                   Wing                     Time % Phy DF OF 
 1 Vladimir Sobotka         Jonathan Ferland         60     1   2  2  
 2 Mikhail Grabovski        Stephane Veilleux        40     1   2  2  

Penalty Kill 4 Players Defense
   Defense                  Defense                  Time % Phy DF OF 
 1 Colby Robak              Derek Peltier            60     1   2  2  
 2 Marc Methot              Brendan Mikkelson        40     1   2  2  

Penalty Kill - 3 Players Forward 
   Forward                                           Time % Phy DF OF 
 1 Jonathan Ferland                                  60     1   2  2  
 2 Vladimir Sobotka                                  40     1   2  2  

Penalty Kill - 3 Players Defense
   Defense                  Defense                  Time % Phy DF OF 
 1 Colby Robak              Derek Peltier            60     1   2  2  
 2 Marc Methot              Brendan Mikkelson        40     1   2  2  

4 vs 4 Forward 
   Center                   Wing                     Time % Phy DF OF 
 1 Mikhail Grabovski        Jonathan Ferland         60     1   2  2  
 2 Vladimir Sobotka         Stephane Veilleux        40     1   2  2  

4 vs 4 Defense
   Defense                  Defense                  Time % Phy DF OF 
 1 Sami Vatanen             Derek Peltier            60     1   2  2  
 2 Colby Robak              Brendan Mikkelson        40     1   2  2  

Last Minutes Offensive
   Center                   Left Wing                Right Wing               Defense                  Defense                  
   Mikhail Grabovski        Stephane Veilleux        Jonathan Ferland         Sami Vatanen             Derek Peltier            

Last Minutes Defensive
   Center                   Left Wing                Right Wing               Defense                  Defense                  
   Mikhail Grabovski        Stephane Veilleux        Jonathan Ferland         Colby Robak              Brendan Mikkelson        

Goaltenders
Starting : Josh Harding             
Backup : Michael Hutchinson       

Extra Forwards
Normal : Vladimir Sobotka, Vladimir Zharkov, Brian Boyle - PP : Beau Bennett, Kyle Palmieri - PK : Brian Boyle
Extra Defensemen
Normal : Colby Robak, Marc Methot, Simon Danis-Pepin - PP : Marc Methot - PK : Brendan Mikkelson, Marc Methot
Penalty Shots
Mikhail Grabovski, Vladimir Zharkov, Jonathan Ferland, Anders Lee, Beau Bennett

% Time on Ice - Mustangs

Lines # - Real PCT - Wanted PCT - Time Play
Normal Forward
1 - 35% - 40% - 17:29
2 - 26% - 30% - 12:57
3 - 24% - 20% - 12:15
4 - 15% - 10% - 7:24
Normal Defense
1 - 37% - 40% - 18:32
2 - 28% - 30% - 14:09
3 - 26% - 20% - 12:47
4 - 9% - 10% - 4:37
PP Forward
1 - 52% - 60% - 4:06
2 - 48% - 40% - 3:50
PP Defense
1 - 60% - 60% - 4:47
2 - 40% - 40% - 3:09
PK Forward
1 - 100% - 60% - 1:59
2 - 0% - 40% - 0:00
PK Defense
1 - 61% - 60% - 1:12
2 - 39% - 40% - 0:47
PK3 Forward
1 - 0% - 60%
2 - 0% - 40%
PK3 Defense
1 - 0% - 60%
2 - 0% - 40%
44 Forward
1 - 82% - 60% - 4:06
2 - 18% - 40% - 0:54
44 Defense
1 - 85% - 60% - 4:14
2 - 15% - 40% - 0:46
Last Minute Offensive  - 0:00
Last Minute Defensive  - 0:00
Total
Forward - 65:00
Defense - 65:00

% Time on Ice - Inferno

Lines # - Real PCT - Wanted PCT - Time Play
Normal Forward
1 - 34% - 40% - 16:49
2 - 27% - 30% - 13:43
3 - 24% - 20% - 12:08
4 - 15% - 10% - 7:25
Normal Defense
1 - 36% - 40% - 17:59
2 - 24% - 30% - 11:51
3 - 37% - 20% - 18:44
4 - 3% - 10% - 1:31
PP Forward
1 - 53% - 60% - 1:03
2 - 47% - 40% - 0:56
PP Defense
1 - 53% - 60% - 1:03
2 - 47% - 40% - 0:56
PK Forward
1 - 72% - 60% - 5:43
2 - 28% - 40% - 2:13
PK Defense
1 - 64% - 60% - 5:04
2 - 36% - 40% - 2:52
PK3 Forward
1 - 0% - 60%
2 - 0% - 40%
PK3 Defense
1 - 0% - 60%
2 - 0% - 40%
44 Forward
1 - 99% - 60% - 4:57
2 - 1% - 40% - 0:03
44 Defense
1 - 56% - 60% - 2:47
2 - 44% - 40% - 2:13
Last Minute Offensive  - 0:00
Last Minute Defensive  - 0:00
Total
Forward - 65:00
Defense - 65:00

Play by Play

1st period


0:01 of 1st period - Mikhail Grabovski wins face-off versus Brayden Schenn in neutral zone.
0:39 of 1st period - Snap shot by Vladimir Sobotka.
0:39 of 1st period - Stopped by Maxime Ouellet with a rebound.
1:16 of 1st period - Snap shot by Beau Bennett.
1:16 of 1st period - Stopped by Maxime Ouellet without a rebound.
1:17 of 1st period - Jim O'Brien wins face-off versus Cal O'Reilly in Mustangs zone.
1:22 of 1st period - Wrist shot by Jerome Samson.
1:22 of 1st period - Shot Misses the Net.
2:10 of 1st period - Snap shot by Riley Armstrong.
2:10 of 1st period - Shot Blocked by Vladimir Sobotka.
2:12 of 1st period - Slapshot by Eric Gryba.
2:12 of 1st period - Shot Blocked by Simon Danis-Pepin.
2:14 of 1st period - Wrist shot by Riley Armstrong.
2:14 of 1st period - Stopped by Josh Harding with a rebound.
2:30 of 1st period - Rick Schofield is hit by Matt Kassian and loses puck.
2:59 of 1st period - Wrist shot by Mikhail Grabovski.
2:59 of 1st period - Shot Misses the Net.
3:01 of 1st period - Snap shot by Mikhail Grabovski.
3:01 of 1st period - Deflect By Stephane Veilleux.
3:01 of 1st period - Stopped by Maxime Ouellet without a rebound.
3:02 of 1st period - Evander Kane wins face-off versus Vladimir Sobotka in Mustangs zone.
3:15 of 1st period - Wrist shot by Evander Kane.
3:15 of 1st period - Stopped by Josh Harding without a rebound.
3:16 of 1st period - Riley Armstrong wins face-off versus Mikhail Grabovski in Inferno zone.
3:41 of 1st period - Brendan Mikkelson is hit by Brayden Schenn and loses puck.
4:21 of 1st period - Off-side.
4:22 of 1st period - Mikhail Grabovski wins face-off versus Jim O'Brien in neutral zone.
4:33 of 1st period - Wrist shot by Stephane Veilleux.
4:33 of 1st period - Goal by Stephane Veilleux - Mustangs : 0 - Inferno : 1.
4:34 of 1st period - Brayden Schenn wins face-off versus Mikhail Grabovski in neutral zone.
4:41 of 1st period - Wrist shot by Denis Shvidki.
4:41 of 1st period - Shot Blocked by Jonathan Ferland.
4:59 of 1st period - Brendan Mikkelson is hit by Eric Gryba.
5:27 of 1st period - Snap shot by Eric Godard.
5:27 of 1st period - Stopped by Josh Harding with a rebound.
5:29 of 1st period - Minor Penalty to Kyle Palmieri for Tripping.
5:30 of 1st period - Brayden Schenn wins face-off versus Vladimir Sobotka in Inferno zone.
5:39 of 1st period - Wrist shot by Denis Shvidki.
5:39 of 1st period - Shot Misses the Net.
6:51 of 1st period - Mikhail Grabovski is hit by Eric Gryba.
7:29 of 1st period - Penalty to Kyle Palmieri is over, Kyle Palmieri is back on ice.
7:39 of 1st period - Snap shot by Beau Bennett.
7:39 of 1st period - Deflect By Anders Lee.
7:39 of 1st period - Shot Blocked by Daniel Winnik.
7:39 of 1st period - Puck is out of play.
7:40 of 1st period - Brian Boyle wins face-off versus Rick Schofield in Mustangs zone.
7:49 of 1st period - Snap shot by Kyle Palmieri.
7:49 of 1st period - Shot Blocked by Eric Godard.
7:51 of 1st period - Backhand shot by Brian Boyle.
7:51 of 1st period - Shot Blocked by Joe Finley.
7:53 of 1st period - Snap shot by Brian Boyle.
7:53 of 1st period - Shot Misses the Net.
8:30 of 1st period - Eric Gryba is hit by Mikhail Grabovski and loses puck.
8:52 of 1st period - Snap shot by Riley Armstrong.
8:52 of 1st period - Shot Misses the Net.
8:54 of 1st period - Wrist shot by Riley Armstrong.
8:54 of 1st period - Goal by Riley Armstrong - Mustangs : 1 - Inferno : 1.
8:55 of 1st period - Vladimir Sobotka wins face-off versus Brayden Schenn in neutral zone.
9:20 of 1st period - Jonathan Ferland is hit by Denis Bodrov and loses puck.
9:41 of 1st period - Brendan Mikkelson is hit by Denis Bodrov and loses puck.
9:48 of 1st period - Ben Eager is hit by Matt Kassian and loses puck.
10:01 of 1st period - Wrist shot by Marcus Foligno.
10:01 of 1st period - Shot Blocked by Simon Danis-Pepin.
10:03 of 1st period - Snap shot by Marcus Foligno.
10:03 of 1st period - Goal by Marcus Foligno - Mustangs : 2 - Inferno : 1.
10:04 of 1st period - Brayden Schenn wins face-off versus Mikhail Grabovski in neutral zone.
10:09 of 1st period - Wrist shot by Denis Shvidki.
10:09 of 1st period - Stopped by Josh Harding without a rebound.
10:10 of 1st period - Stephane Veilleux wins face-off versus Brayden Schenn in Inferno zone.
10:19 of 1st period - Wrist shot by Mikhail Grabovski.
10:19 of 1st period - Deflect By Stephane Veilleux.
10:19 of 1st period - Stopped by Maxime Ouellet with a rebound.
10:21 of 1st period - Snap shot by Jonathan Ferland.
10:21 of 1st period - Shot Misses the Net.
10:23 of 1st period - Snap shot by Jonathan Ferland.
10:23 of 1st period - Goal by Jonathan Ferland - Mustangs : 2 - Inferno : 2.
10:24 of 1st period - Vladimir Sobotka wins face-off versus Brayden Schenn in neutral zone.
11:12 of 1st period - Rick Schofield is hit by Matt Kassian and loses puck.
11:32 of 1st period - Slapshot by Evander Kane.
11:32 of 1st period - Deflect By Denis Shvidki.
11:32 of 1st period - Shot Misses the Net.
11:32 of 1st period - Puck is out of play.
11:33 of 1st period - Vladimir Sobotka wins face-off versus Brayden Schenn in Inferno zone.
12:05 of 1st period - Cameron Gaunce is hit by Jonathan Ferland and loses puck.
12:10 of 1st period - Slapshot by Mikhail Grabovski.
12:10 of 1st period - Stopped by Maxime Ouellet with a rebound.
12:23 of 1st period - Icing by Rick Schofield.
12:24 of 1st period - Rick Schofield wins face-off versus Brian Boyle in Mustangs zone.
12:26 of 1st period - Icing by Eric Godard.
12:27 of 1st period - Stephane Veilleux wins face-off versus Rick Schofield in Mustangs zone.
12:49 of 1st period - Icing by Colby Robak.
12:50 of 1st period - Vladimir Sobotka wins face-off versus Brayden Schenn in Inferno zone.
13:25 of 1st period - Snap shot by Vladimir Zharkov.
13:25 of 1st period - Goal by Vladimir Zharkov - Mustangs : 2 - Inferno : 3.
13:26 of 1st period - Mikhail Grabovski wins face-off versus Brayden Schenn in neutral zone.
13:35 of 1st period - Slapshot by Jonathan Ferland.
13:35 of 1st period - Deflect By Stephane Veilleux.
13:35 of 1st period - Shot Misses the Net.
13:35 of 1st period - Puck is out of play.
13:36 of 1st period - Mikhail Grabovski wins face-off versus Brayden Schenn in Mustangs zone.
13:37 of 1st period - Wrist shot by Jonathan Ferland.
13:37 of 1st period - Stopped by Maxime Ouellet with a rebound.
14:11 of 1st period - Wrist shot by Jonathan Ferland.
14:11 of 1st period - Stopped by Maxime Ouellet without a rebound.
14:12 of 1st period - Vladimir Sobotka wins face-off versus Riley Armstrong in Mustangs zone.
14:37 of 1st period - Kyle Palmieri is hit by Eric Godard and loses puck.
14:50 of 1st period - Marc Methot is hit by Eric Godard and loses puck.
15:13 of 1st period - Snap shot by Brian Boyle.
15:13 of 1st period - Deflect By Kyle Palmieri.
15:13 of 1st period - Stopped by Maxime Ouellet with a rebound.
15:15 of 1st period - Slapshot by Marc Methot.
15:15 of 1st period - Shot Misses the Net.
15:23 of 1st period - Slapshot by Brian Boyle.
15:23 of 1st period - Stopped by Maxime Ouellet with a rebound.
15:25 of 1st period - Slapshot by Marc Methot.
15:25 of 1st period - Deflect By Brian Boyle.
15:25 of 1st period - Stopped by Maxime Ouellet without a rebound.
15:26 of 1st period - Mikhail Grabovski wins face-off versus Riley Armstrong in Mustangs zone.
15:37 of 1st period - Slapshot by Stephane Veilleux.
15:37 of 1st period - Stopped by Maxime Ouellet without a rebound.
15:38 of 1st period - Mikhail Grabovski wins face-off versus Riley Armstrong in Mustangs zone.
15:39 of 1st period - Slapshot by Stephane Veilleux.
15:39 of 1st period - Shot Blocked by Riley Armstrong.
15:41 of 1st period - Slapshot by Mikhail Grabovski.
15:41 of 1st period - Shot Misses the Net.
15:43 of 1st period - Wrist shot by Jonathan Ferland.
15:43 of 1st period - Goal by Jonathan Ferland - Mustangs : 2 - Inferno : 4.
15:43 of 1st period - Chet Pickard enters game.
15:44 of 1st period - Vladimir Sobotka wins face-off versus Brayden Schenn in neutral zone.
15:53 of 1st period - Wrist shot by Vladimir Sobotka.
15:53 of 1st period - Stopped by Chet Pickard with a rebound.
15:55 of 1st period - Slapshot by Derek Peltier.
15:55 of 1st period - Deflect By Brayden Schenn.
15:55 of 1st period - Stopped by Chet Pickard without a rebound.
15:56 of 1st period - Mikhail Grabovski wins face-off versus Brayden Schenn in Mustangs zone.
16:18 of 1st period - Minor Penalty to Derek Peltier for Hooking.
16:19 of 1st period - Vladimir Sobotka wins face-off versus Brayden Schenn in Inferno zone.
16:28 of 1st period - Slapshot by Derek Joslin.
16:28 of 1st period - Stopped by Josh Harding without a rebound.
16:29 of 1st period - Vladimir Sobotka wins face-off versus Brayden Schenn in Inferno zone.
16:44 of 1st period - Snap shot by Denis Shvidki.
16:44 of 1st period - Stopped by Josh Harding with a rebound.
16:46 of 1st period - Slapshot by Derek Joslin.
16:46 of 1st period - Stopped by Josh Harding without a rebound.
16:47 of 1st period - Vladimir Sobotka wins face-off versus Riley Armstrong in Inferno zone.
16:58 of 1st period - Wrist shot by Ben Eager.
16:58 of 1st period - Shot Misses the Net.
17:00 of 1st period - Wrist shot by Riley Armstrong.
17:00 of 1st period - Shot Misses the Net.
17:02 of 1st period - Snap shot by Eric Gryba.
17:02 of 1st period - Stopped by Josh Harding without a rebound.
17:03 of 1st period - Vladimir Sobotka wins face-off versus Brayden Schenn in Inferno zone.
17:18 of 1st period - Slapshot by Denis Shvidki.
17:18 of 1st period - Stopped by Josh Harding with a rebound.
17:39 of 1st period - Snap shot by Mikhail Grabovski.
17:39 of 1st period - Deflect By Stephane Veilleux.
17:39 of 1st period - Stopped by Chet Pickard with a rebound.
18:18 of 1st period - Penalty to Derek Peltier is over, Derek Peltier is back on ice.
19:04 of 1st period - Wrist shot by Vladimir Sobotka.
19:04 of 1st period - Stopped by Chet Pickard without a rebound.
19:05 of 1st period - Vladimir Zharkov wins face-off versus Brayden Schenn in Mustangs zone.
19:28 of 1st period - Riley Armstrong is hit by Stephane Veilleux and loses puck.
19:41 of 1st period - Denis Bodrov is hit by Marc Methot and loses puck.
19:52 of 1st period - Cameron Gaunce is hit by Derek Peltier and loses puck.
Goals for this period are 2 for Mustangs vs 4 for Inferno.
Shots for this period are 11 for Mustangs vs 19 for Inferno.

2nd period


0:01 of 2nd period - Brayden Schenn wins face-off versus Mikhail Grabovski in neutral zone.
0:08 of 2nd period - Wrist shot by Evander Kane.
0:08 of 2nd period - Shot Hit the Post.
0:10 of 2nd period - Slapshot by Derek Joslin.
0:10 of 2nd period - Stopped by Josh Harding without a rebound.
0:11 of 2nd period - Mikhail Grabovski wins face-off versus Brayden Schenn in Inferno zone.
0:13 of 2nd period - Minor Penalty to Mikhail Grabovski for Slashing.
0:14 of 2nd period - Vladimir Sobotka wins face-off versus Denis Shvidki in Inferno zone.
0:14 of 2nd period - Vladimir Sobotka is hit by Derek Joslin.
0:29 of 2nd period - Snap shot by Vladimir Sobotka.
0:29 of 2nd period - Stopped by Chet Pickard with a rebound.
1:22 of 2nd period - Stephane Veilleux is hit by Brayden Schenn and loses puck.
2:02 of 2nd period - Icing by Reilly Smith.
2:03 of 2nd period - Vladimir Sobotka wins face-off versus Riley Armstrong in Mustangs zone.
2:13 of 2nd period - Penalty to Mikhail Grabovski is over, Mikhail Grabovski is back on ice.
2:28 of 2nd period - Slapshot by Derek Peltier.
2:28 of 2nd period - Stopped by Chet Pickard with a rebound.
2:32 of 2nd period - Wrist shot by Cal O'Reilly.
2:32 of 2nd period - Shot Blocked by Rick Schofield.
2:51 of 2nd period - Joe Finley is hit by Matt Kassian and loses puck.
3:44 of 2nd period - Derek Peltier is hit by Cameron Gaunce and loses puck.
3:57 of 2nd period - Snap shot by Kyle Palmieri.
3:57 of 2nd period - Stopped by Chet Pickard without a rebound.
3:58 of 2nd period - Rick Schofield wins face-off versus Brian Boyle in Mustangs zone.
4:07 of 2nd period - Icing by Colby Robak.
4:08 of 2nd period - Brian Boyle wins face-off versus Brayden Schenn in Inferno zone.
4:40 of 2nd period - Snap shot by Kyle Palmieri.
4:40 of 2nd period - Stopped by Chet Pickard with a rebound.
4:46 of 2nd period - Wrist shot by Daniel Winnik.
4:46 of 2nd period - Stopped by Josh Harding without a rebound.
4:47 of 2nd period - Brayden Schenn wins face-off versus Mikhail Grabovski in Inferno zone.
4:54 of 2nd period - Wrist shot by Evander Kane.
4:54 of 2nd period - Deflect By Brayden Schenn.
4:54 of 2nd period - Stopped by Josh Harding with a rebound.
5:02 of 2nd period - Snap shot by Denis Shvidki.
5:02 of 2nd period - Shot Misses the Net.
5:11 of 2nd period - Icing by Jonathan Ferland.
5:12 of 2nd period - Mikhail Grabovski wins face-off versus Reilly Smith in Inferno zone.
5:12 of 2nd period - Mikhail Grabovski is hit by Reilly Smith.
5:54 of 2nd period - Brendan Mikkelson is hit by Denis Shvidki and loses puck.
6:31 of 2nd period - Wrist shot by Kyle Palmieri.
6:31 of 2nd period - Stopped by Chet Pickard with a rebound.
6:33 of 2nd period - Snap shot by Brendan Mikkelson.
6:33 of 2nd period - Deflect By Kyle Palmieri.
6:33 of 2nd period - Shot Misses the Net.
6:33 of 2nd period - Puck is out of play.
6:34 of 2nd period - Brayden Schenn wins face-off versus Mikhail Grabovski in Mustangs zone.
6:59 of 2nd period - Ben Eager is hit by Anders Lee and loses puck.
7:49 of 2nd period - Marc Methot is hit by Evander Kane and loses puck.
7:50 of 2nd period - Marc Methot from Inferno is injured at 7:50 of 2nd period (Sprained Right Knee).
7:51 of 2nd period - Brayden Schenn wins face-off versus Mikhail Grabovski in Inferno zone.
7:52 of 2nd period - Snap shot by Evander Kane.
7:52 of 2nd period - Deflect By Denis Shvidki.
7:52 of 2nd period - Stopped by Josh Harding with a rebound.
9:11 of 2nd period - Slapshot by Marcus Foligno.
9:11 of 2nd period - Stopped by Josh Harding without a rebound.
9:12 of 2nd period - Jim O'Brien wins face-off versus Brian Boyle in Inferno zone.
10:02 of 2nd period - Colby Robak is hit by Daniel Winnik and loses puck.
10:17 of 2nd period - Snap shot by Jim O'Brien.
10:17 of 2nd period - Deflect By Jerome Samson.
10:17 of 2nd period - Stopped by Josh Harding with a rebound.
10:19 of 2nd period - Wrist shot by Joe Finley.
10:19 of 2nd period - Stopped by Josh Harding with a rebound.
10:21 of 2nd period - Slapshot by Marcus Foligno.
10:21 of 2nd period - Shot Misses the Net.
10:23 of 2nd period - Slapshot by Jerome Samson.
10:23 of 2nd period - Stopped by Josh Harding without a rebound.
10:24 of 2nd period - Brayden Schenn wins face-off versus Mikhail Grabovski in Inferno zone.
10:35 of 2nd period - Slapshot by Stephane Veilleux.
10:35 of 2nd period - Stopped by Chet Pickard without a rebound.
10:36 of 2nd period - Mikhail Grabovski wins face-off versus Brayden Schenn in Mustangs zone.
10:53 of 2nd period - Eric Gryba is hit by Mikhail Grabovski and loses puck.
11:08 of 2nd period - Slapshot by Vladimir Sobotka.
11:08 of 2nd period - Shot Misses the Net.
11:10 of 2nd period - Slapshot by Sami Vatanen.
11:10 of 2nd period - Deflect By Vladimir Zharkov.
11:10 of 2nd period - Stopped by Chet Pickard with a rebound.
11:12 of 2nd period - Slapshot by Sami Vatanen.
11:12 of 2nd period - Shot Misses the Net.
11:28 of 2nd period - Snap shot by Colby Robak.
11:28 of 2nd period - Shot Misses the Net.
11:30 of 2nd period - Snap shot by Brendan Mikkelson.
11:30 of 2nd period - Stopped by Chet Pickard without a rebound.
11:31 of 2nd period - Rick Schofield wins face-off versus Cal O'Reilly in Mustangs zone.
12:01 of 2nd period - Snap shot by Daniel Winnik.
12:01 of 2nd period - Stopped by Josh Harding without a rebound.
12:02 of 2nd period - Brayden Schenn wins face-off versus Mikhail Grabovski in Inferno zone.
12:05 of 2nd period - Wrist shot by Evander Kane.
12:05 of 2nd period - Stopped by Josh Harding with a rebound.
12:07 of 2nd period - Wrist shot by Denis Shvidki.
12:07 of 2nd period - Stopped by Josh Harding with a rebound.
12:09 of 2nd period - Backhand shot by Joe Finley.
12:09 of 2nd period - Deflect By Stephane Veilleux.
12:09 of 2nd period - Stopped by Josh Harding with a rebound.
12:11 of 2nd period - Slapshot by Mark Pysyk.
12:11 of 2nd period - Deflect By Evander Kane.
12:11 of 2nd period - Shot Misses the Net.
12:11 of 2nd period - Puck is out of play.
12:12 of 2nd period - Mikhail Grabovski wins face-off versus Brayden Schenn in Inferno zone.
12:12 of 2nd period - Mikhail Grabovski is hit by Joe Finley.
12:19 of 2nd period - Minor Penalty to Evander Kane for Interference.
12:20 of 2nd period - Brayden Schenn wins face-off versus Mikhail Grabovski in Mustangs zone.
14:14 of 2nd period - Icing by Jonathan Ferland.
14:15 of 2nd period - Riley Armstrong wins face-off versus Cal O'Reilly in Inferno zone.
14:19 of 2nd period - Penalty to Evander Kane is over, Evander Kane is back on ice.
14:28 of 2nd period - Minor Penalty to Brian Boyle for Hooking.
14:29 of 2nd period - Vladimir Sobotka wins face-off versus Riley Armstrong in Inferno zone.
15:36 of 2nd period - Reilly Smith is hit by Stephane Veilleux and loses puck.
16:28 of 2nd period - Penalty to Brian Boyle is over, Brian Boyle is back on ice.
16:37 of 2nd period - Snap shot by Evander Kane.
16:37 of 2nd period - Shot Misses the Net.
16:43 of 2nd period - Mark Pysyk is hit by Brendan Mikkelson and loses puck.
17:10 of 2nd period - Snap shot by Jim O'Brien.
17:10 of 2nd period - Stopped by Josh Harding without a rebound.
17:11 of 2nd period - Vladimir Sobotka wins face-off versus Brayden Schenn in Inferno zone.
17:39 of 2nd period - Jerome Samson is hit by Colby Robak and loses puck.
17:46 of 2nd period - Derek Joslin is hit by Colby Robak and loses puck.
17:55 of 2nd period - Simon Danis-Pepin is hit by Derek Joslin and loses puck.
18:02 of 2nd period - Snap shot by Marcus Foligno.
18:02 of 2nd period - Stopped by Josh Harding without a rebound.
18:03 of 2nd period - Vladimir Sobotka wins face-off versus Denis Shvidki in Inferno zone.
18:36 of 2nd period - Reilly Smith is hit by Simon Danis-Pepin and loses puck.
19:08 of 2nd period - Derek Joslin is hit by Colby Robak and loses puck.
19:15 of 2nd period - Snap shot by Vladimir Zharkov.
19:15 of 2nd period - Deflect By David Ullstrom.
19:15 of 2nd period - Stopped by Chet Pickard without a rebound.
19:16 of 2nd period - Brayden Schenn wins face-off versus Mikhail Grabovski in Mustangs zone.
19:16 of 2nd period - Brayden Schenn is hit by Sami Vatanen.
19:26 of 2nd period - Slapshot by Denis Bodrov.
19:26 of 2nd period - Stopped by Josh Harding with a rebound.
19:28 of 2nd period - Backhand shot by Cameron Gaunce.
19:28 of 2nd period - Shot Blocked by Sami Vatanen.
19:30 of 2nd period - Slapshot by Denis Shvidki.
19:30 of 2nd period - Stopped by Josh Harding with a rebound.
19:32 of 2nd period - Slapshot by Brayden Schenn.
19:32 of 2nd period - Shot Blocked by Derek Peltier.
Goals for this period are 0 for Mustangs vs 0 for Inferno.
Shots for this period are 16 for Mustangs vs 9 for Inferno.

3rd period


0:01 of 3rd period - Mikhail Grabovski wins face-off versus Brayden Schenn in neutral zone.
0:13 of 3rd period - Wrist shot by Evander Kane.
0:13 of 3rd period - Stopped by Josh Harding with a rebound.
0:15 of 3rd period - Wrist shot by Brayden Schenn.
0:15 of 3rd period - Goal by Brayden Schenn - Mustangs : 3 - Inferno : 4.
0:16 of 3rd period - Mikhail Grabovski wins face-off versus Brayden Schenn in neutral zone.
1:30 of 3rd period - Snap shot by Eric Godard.
1:30 of 3rd period - Stopped by Josh Harding without a rebound.
1:31 of 3rd period - Brayden Schenn wins face-off versus Vladimir Sobotka in Inferno zone.
2:03 of 3rd period - Brendan Mikkelson is hit by Reilly Smith and loses puck.
2:43 of 3rd period - Snap shot by Vladimir Sobotka.
2:43 of 3rd period - Stopped by Chet Pickard with a rebound.
3:45 of 3rd period - David Ullstrom is hit by Jerome Samson and loses puck.
3:52 of 3rd period - Denis Bodrov is hit by Colby Robak and loses puck.
4:03 of 3rd period - Slapshot by David Ullstrom.
4:03 of 3rd period - Shot Blocked by Jerome Samson.
4:05 of 3rd period - Wrist shot by Vladimir Sobotka.
4:05 of 3rd period - Stopped by Chet Pickard without a rebound.
4:06 of 3rd period - Mikhail Grabovski wins face-off versus Brayden Schenn in Mustangs zone.
4:07 of 3rd period - Snap shot by Stephane Veilleux.
4:07 of 3rd period - Stopped by Chet Pickard without a rebound.
4:08 of 3rd period - Brayden Schenn wins face-off versus Mikhail Grabovski in Mustangs zone.
4:23 of 3rd period - Wrist shot by Evander Kane.
4:23 of 3rd period - Shot Blocked by Mikhail Grabovski.
4:50 of 3rd period - Kyle Palmieri is hit by Reilly Smith.
5:12 of 3rd period - Anders Lee is hit by Daniel Winnik and loses puck.
5:43 of 3rd period - Denis Shvidki is hit by Colby Robak.
6:23 of 3rd period - Off-side.
6:24 of 3rd period - Mikhail Grabovski wins face-off versus Rick Schofield in neutral zone.
7:53 of 3rd period - Rick Schofield is hit by Matt Kassian and loses puck.
8:38 of 3rd period - Slapshot by Sami Vatanen.
8:38 of 3rd period - Shot Blocked by Cameron Gaunce.
9:08 of 3rd period - Eric Gryba is hit by Colby Robak and loses puck.
9:09 of 3rd period - Eric Gryba from Mustangs is injured at 9:09 of 3rd period (Strained Right Elbow).
9:10 of 3rd period - Mikhail Grabovski wins face-off versus Denis Shvidki in Mustangs zone.
9:25 of 3rd period - Snap shot by Evander Kane.
9:25 of 3rd period - Shot Misses the Net.
9:45 of 3rd period - Snap shot by Ben Eager.
9:45 of 3rd period - Goal by Ben Eager - Mustangs : 4 - Inferno : 4.
9:46 of 3rd period - Brayden Schenn wins face-off versus Mikhail Grabovski in neutral zone.
9:49 of 3rd period - Wrist shot by Evander Kane.
9:49 of 3rd period - Shot Misses the Net.
9:59 of 3rd period - Backhand shot by Mikhail Grabovski.
9:59 of 3rd period - Stopped by Chet Pickard with a rebound.
10:01 of 3rd period - Slapshot by Brendan Mikkelson.
10:01 of 3rd period - Shot Misses the Net.
11:15 of 3rd period - Slapshot by Mikhail Grabovski.
11:15 of 3rd period - Stopped by Chet Pickard with a rebound.
11:17 of 3rd period - Slapshot by Jonathan Ferland.
11:17 of 3rd period - Stopped by Chet Pickard with a rebound.
11:19 of 3rd period - Snap shot by Mikhail Grabovski.
11:19 of 3rd period - Shot Misses the Net.
11:21 of 3rd period - Snap shot by Stephane Veilleux.
11:21 of 3rd period - Stopped by Chet Pickard with a rebound.
11:23 of 3rd period - Slapshot by Simon Danis-Pepin.
11:23 of 3rd period - Deflect By Stephane Veilleux.
11:23 of 3rd period - Stopped by Chet Pickard without a rebound.
11:24 of 3rd period - Vladimir Sobotka wins face-off versus Brayden Schenn in Mustangs zone.
11:37 of 3rd period - Snap shot by Evander Kane.
11:37 of 3rd period - Stopped by Josh Harding with a rebound.
11:51 of 3rd period - Mikhail Grabovski is hit by Joe Finley and loses puck.
11:56 of 3rd period - Wrist shot by Riley Armstrong.
11:56 of 3rd period - Shot Misses the Net.
11:58 of 3rd period - Wrist shot by Riley Armstrong.
11:58 of 3rd period - Shot Hit the Post.
12:00 of 3rd period - Slapshot by Derek Joslin.
12:00 of 3rd period - Stopped by Josh Harding with a rebound.
12:02 of 3rd period - Slapshot by Derek Joslin.
12:02 of 3rd period - Deflect By Jonathan Ferland.
12:02 of 3rd period - Stopped by Josh Harding without a rebound.
12:03 of 3rd period - Brayden Schenn wins face-off versus Vladimir Sobotka in Inferno zone.
13:08 of 3rd period - Sami Vatanen is hit by Joe Finley and loses puck.
13:33 of 3rd period - Wrist shot by Brian Boyle.
13:33 of 3rd period - Shot Hit the Post.
13:35 of 3rd period - Snap shot by Matt Kassian.
13:35 of 3rd period - Stopped by Chet Pickard without a rebound.
13:36 of 3rd period - Brayden Schenn wins face-off versus Mikhail Grabovski in Mustangs zone.
13:41 of 3rd period - Snap shot by Mikhail Grabovski.
13:41 of 3rd period - Shot Misses the Net.
14:27 of 3rd period - Snap shot by Jim O'Brien.
14:27 of 3rd period - Shot Misses the Net.
14:52 of 3rd period - Wrist shot by Cal O'Reilly.
14:52 of 3rd period - Stopped by Chet Pickard with a rebound.
14:54 of 3rd period - Wrist shot by Simon Danis-Pepin.
14:54 of 3rd period - Shot Misses the Net.
14:56 of 3rd period - Snap shot by Cal O'Reilly.
14:56 of 3rd period - Stopped by Chet Pickard without a rebound.
14:57 of 3rd period - Mikhail Grabovski wins face-off versus Brayden Schenn in Mustangs zone.
15:12 of 3rd period - Derek Peltier is hit by Brayden Schenn and loses puck.
15:23 of 3rd period - Ben Eager is hit by Matt Kassian.
15:36 of 3rd period - Snap shot by Kyle Palmieri.
15:36 of 3rd period - Stopped by Chet Pickard with a rebound.
16:13 of 3rd period - Daniel Winnik is hit by Anders Lee and loses puck.
16:20 of 3rd period - Denis Bodrov is hit by Cal O'Reilly and loses puck.
16:43 of 3rd period - Derek Joslin is hit by Colby Robak.
17:14 of 3rd period - Riley Armstrong is hit by Colby Robak and loses puck.
17:36 of 3rd period - Derek Peltier is hit by Eric Godard and loses puck.
18:14 of 3rd period - Brayden Schenn is hit by Matt Kassian and loses puck.
18:35 of 3rd period - Snap shot by Vladimir Sobotka.
18:35 of 3rd period - Shot Blocked by Denis Bodrov.
18:37 of 3rd period - Snap shot by David Ullstrom.
18:37 of 3rd period - Stopped by Chet Pickard without a rebound.
18:38 of 3rd period - Vladimir Sobotka wins face-off versus Riley Armstrong in Mustangs zone.
18:39 of 3rd period - Snap shot by Vladimir Zharkov.
18:39 of 3rd period - Shot Blocked by Derek Joslin.
18:45 of 3rd period - Reilly Smith is hit by Vladimir Zharkov and loses puck.
18:52 of 3rd period - Riley Armstrong is hit by Simon Danis-Pepin and loses puck.
19:44 of 3rd period - Brian Boyle is hit by Ben Eager and loses puck.
Goals for this period are 2 for Mustangs vs 0 for Inferno.
Shots for this period are 7 for Mustangs vs 13 for Inferno.

Overtime #1


0:01 of 1st overtime period - Brayden Schenn wins face-off versus Mikhail Grabovski in neutral zone.
0:44 of 1st overtime period - Wrist shot by Riley Armstrong.
0:44 of 1st overtime period - Stopped by Josh Harding with a rebound.
0:46 of 1st overtime period - Slapshot by Derek Joslin.
0:46 of 1st overtime period - Shot Misses the Net.
0:48 of 1st overtime period - Wrist shot by Cameron Gaunce.
0:48 of 1st overtime period - Deflect By Denis Shvidki.
0:48 of 1st overtime period - Stopped by Josh Harding with a rebound.
0:50 of 1st overtime period - Slapshot by Cameron Gaunce.
0:50 of 1st overtime period - Stopped by Josh Harding with a rebound.
1:08 of 1st overtime period - Wrist shot by Ben Eager.
1:08 of 1st overtime period - Shot Misses the Net.
1:20 of 1st overtime period - Snap shot by Vladimir Sobotka.
1:20 of 1st overtime period - Shot Misses the Net.
1:22 of 1st overtime period - Backhand shot by Colby Robak.
1:22 of 1st overtime period - Stopped by Chet Pickard with a rebound.
1:24 of 1st overtime period - Slapshot by Vladimir Sobotka.
1:24 of 1st overtime period - Shot Misses the Net.
1:26 of 1st overtime period - Snap shot by Vladimir Zharkov.
1:26 of 1st overtime period - Stopped by Chet Pickard with a rebound.
1:28 of 1st overtime period - Snap shot by Vladimir Zharkov.
1:28 of 1st overtime period - Shot Misses the Net.
1:30 of 1st overtime period - Slapshot by Colby Robak.
1:30 of 1st overtime period - Deflect By Vladimir Sobotka.
1:30 of 1st overtime period - Shot Misses the Net.
1:30 of 1st overtime period - Puck is out of play.
1:31 of 1st overtime period - Brayden Schenn wins face-off versus Mikhail Grabovski in Mustangs zone.
2:33 of 1st overtime period - Reilly Smith is hit by Brian Boyle.
2:37 of 1st overtime period - Stephane Veilleux is hit by Reilly Smith and loses puck.
2:57 of 1st overtime period - Vladimir Zharkov is hit by Riley Armstrong and loses puck.
4:59 of 1st overtime period - Sami Vatanen is hit by Daniel Winnik.
Goals for this period are 0 for Mustangs vs 0 for Inferno.
Shots for this period are 3 for Mustangs vs 2 for Inferno.

ShootOut


5:00 of 1st overtime period - Penalty Shot by Brayden Schenn for Mustangs.
5:00 of 1st overtime period - Snap shot by Brayden Schenn.
5:00 of 1st overtime period - Stopped by Josh Harding.
5:00 of 1st overtime period - Penalty Shot by Mikhail Grabovski for Inferno.
5:00 of 1st overtime period - Deke by Mikhail Grabovski.
5:00 of 1st overtime period - Shot Misses the Net.
5:00 of 1st overtime period - Penalty Shot by Denis Shvidki for Mustangs.
5:00 of 1st overtime period - Snap shot by Denis Shvidki.
5:00 of 1st overtime period - Shot Misses the Net.
5:00 of 1st overtime period - Penalty Shot by Vladimir Zharkov for Inferno.
5:00 of 1st overtime period - Deke by Vladimir Zharkov.
5:00 of 1st overtime period - Goal by Vladimir Zharkov.
5:00 of 1st overtime period - Penalty Shot by Reilly Smith for Mustangs.
5:00 of 1st overtime period - Wrist shot by Reilly Smith.
5:00 of 1st overtime period - Stopped by Josh Harding.